 Dungeon Crawl Stone Soup version 0.26-a0-653-g6669bab64c (webtiles) character file.

Game seed: 3712997845569672718

5357 rogsnak the Conjurer (level 10, -3/81 HPs)
             Began as a Black Draconian Earth Elementalist on Oct 4, 2020.
             Was a Believer of Vehumet.
             Slain by a centaur warrior (7 damage)
             ... on level 8 of the Dungeon.
             The game lasted 00:27:53 (10796 turns).

rogsnak the Conjurer (DrEE)                        Turns: 10796, Time: 00:27:53

Health: -3/81      AC: 11    Str: 10    XL:     10   Next: 39%
Magic:  25/28      EV: 15    Int: 19    God:    Vehumet [**....]
Gold:   669        SH:  0    Dex: 12    Spells: 6/22 levels left

rFire    . . .     SeeInvis .   K - +4 halberd (freeze)
rCold    . . .     Faith    .   (shield currently unavailable)
rNeg     . . .     Spirit   .   (armour unavailable)
rPois    +         Reflect  .   (helmet restricted)
rElec    +         Harm     .   Q - +2 cloak {MR+}
rCorr    .         Rampage  .   (no gloves)
MR       +....                  g - +0 pair of boots
Stlth    ++........             x - amulet of regeneration
HPRegen  0.63/turn              O - ring of magical power
MPRegen  0.21/turn              z - ring of poison resistance

@: short of breath
A: breathe lightning, unfitting armour, electricity resistance, cold-blooded, AC
+7
a: Breathe Lightning, Renounce Religion


You were on level 8 of the Dungeon.
You worshipped Vehumet.
Vehumet was pleased with you.
You visited 2 branches of the dungeon, and saw 9 of its levels.

You collected 669 gold pieces.

Inventory:

Hand Weapons
 n - a +5 scimitar
 w - a +3 dagger of venom
 A - a +0 hunting sling of flaming
 K - a +4 halberd of freezing (weapon)
 P - a +3 short sword of flaming
Missiles
 a - 236 arrows
 b - 287 stones (quivered)
 q - 65 sling bullets
 u - 13 boomerangs
 y - 80 bolts
 J - a throwing net
Armour
 g - a +0 pair of boots (worn)
 Q - a +2 cloak of magic resistance (worn)
Jewellery
 i - an uncursed ring of see invisible
 x - an amulet of regeneration (around neck)
 z - a ring of poison resistance (right hand)
 O - a ring of magical power (left hand)
Wands
 h - a wand of iceblast (23)
 k - a wand of flame (14)
 C - a wand of paralysis (5)
 F - a wand of acid (14)
 I - a wand of disintegration (18)
Scrolls
 c - 2 scrolls of blinking {unknown}
 d - a scroll of noise {unknown}
 e - 10 scrolls of identify {unknown}
 f - 4 scrolls of teleportation {unknown}
 l - 7 scrolls of remove curse {unknown}
 m - 2 scrolls of enchant armour {unknown}
 t - 2 scrolls of immolation {unknown}
 E - a scroll of fear {unknown}
 H - 5 scrolls of enchant weapon {unknown}
Potions
 j - a potion of flight {unknown}
 o - 4 potions of might {unknown}
 p - 2 potions of haste {unknown}
 r - 2 potions of cancellation {unknown}
 s - a potion of degeneration {unknown}
 v - a potion of ambrosia {unknown}
 B - 4 potions of lignification {unknown}
 D - 2 potions of curing
 G - a potion of magic {unknown}
Miscellaneous
 M - a condenser vane (2/2)
 N - a lightning rod (4/4)


   Skills:
 + Level 5.1 Fighting
 + Level 6.3 Dodging
 - Level 2.0 Stealth
 + Level 6.5 Spellcasting
 * Level 7.6 Conjurations
   Level 1.0 Transmutations
 * Level 1.0 Ice Magic
 * Level 7.2 Earth Magic


You had 6 spell levels left.
You knew the following spells:

 Your Spells              Type           Power        Failure   Level
a - Sandblast             Erth           ####..       1%          1
b - Stone Arrow           Conj/Erth      ####..       1%          3
c - Lee's Rapid Deconstr  Erth           ####......   16%         5
d - Ozocubu's Armour      Ice            ##......     21%         3
e - Hailstorm             Conj/Ice       ###.....     19%         4

Your spell library contained the following spells:

 Spells                   Type           Power        Failure   Level
 Searing Ray              Conj           #####.       1%          2
 Passwall                 Tmut/Erth      ###.....     3%          2
 Freeze                   Ice            ##..         7%          1
 Static Discharge         Conj/Air       ###.....     7%          3
 Swiftness                Air            #.......     16%         2
 Petrify                  Tmut/Erth      ###.....     19%         4
 Frozen Ramparts          Ice            ##....       21%         3
 Call Canine Familiar     Summ           #.......     32%         3
 Gell's Gravitas          Tloc           #.........   32%         3
 Summon Guardian Golem    Hex/Summ       #.......     32%         3
 Vampiric Draining        Necr           #.........   32%         3
 Summon Ice Beast         Ice/Summ       #.......     65%         4
 Passage of Golubria      Tloc           N/A          71%         4
 Summon Demon             Summ           #.........   96%         5
 Invisibility             Hex            #.......     100%        6
 Malign Gateway           Summ/Tloc      #.........   100%        7


Dungeon Overview and Level Annotations

Branches:
Dungeon (8/15)             Temple (1/1) D:5
   Lair: D:8-11

Altars:
Ashenzari
Cheibriados
Dithmenos
Elyvilon
Fedhas
Gozag
Hepliaklqana
Kikubaaqudgha
Makhleb
Nemelex Xobeh
Okawaru
Qazlal
Ru
Sif Muna
Trog
Uskayaw
Vehumet
Wu Jian
Yredelemnul
Zin
The Shining One

Shops:
D:5 [


Innate Abilities, Weirdness & Mutations

You can breathe wild blasts of lightning.
Your glossy black scales are hard. (AC +7)
You cannot fit into any form of body armour.
You are resistant to electric shocks. (rElec)
You are cold-blooded and may be slowed by cold attacks.


Message History

The centaur warrior hits you!
* * * LOW HITPOINT WARNING * * *
The centaur warrior hits you!
* * * LOW HITPOINT WARNING * * *
Casting: Stone Arrow (safe; 1% risk of failure)
Confirm with . or Enter, or press ? or * to list all spells.
You don't know that spell.
Okay, then.
Evoke which item? (* to show all) (? for menu, Esc to quit)
Aiming: Paralyse
Press: ? - help, Shift-Dir - straight line, f/p - centaur warrior
Aim: a centaur warrior, quivering 12 arrows (lightly wounded, chance to defeat MR: 28%)
The centaur warrior easily resists.
The centaur warrior barely misses you.
Unknown command.
Evoke which item? (* to show all) (? for menu, Esc to quit)
Aiming: Paralyse
Press: ? - help, Shift-Dir - straight line, f/p - centaur warrior
Aim: a centaur warrior, quivering 12 arrows (lightly wounded, chance to defeat MR: 28%)
The centaur warrior easily resists.
The centaur warrior hits you!
You die...

...#######'.#.....#......#
## #⌠.⌠.#.#.###...#.....
#.##....#.# ##.##.##.#
...#._..#.# #.##.##.#
...#....#.#.## #.##....# #
..#....#....# #.##.##.# #c
..#._..#.#..# #.....<.# #.#
W##....#.#..# ####.....
#..# #⌠.⌠@#....# #......
#...#######c....# #..##..
#...c...(.(.(...#####..##.#
###..(....................#
#############.#####......
#.......##### #########


You could see a centaur warrior.

Vanquished Creatures
  A two-headed ogre (D:7)
  A centaur warrior (D:7)
  An unseen horror (D:8)
  A hippogriff (D:7)
  A yak (D:7)
  A vampire mosquito (D:7)
  A water moccasin (D:7)
  2 orc warriors
  2 sky beasts (D:7)
  A phantom (D:7)
  5 centaurs
  5 bullfrogs
  4 scorpions
  9 wights
  2 bullfrog zombies (D:6)
  3 jellies
  4 hounds
  2 orc priests (D:4)
  5 orc wizards
  2 centaur skeletons
  A bullfrog skeleton (D:7)
  2 iguanas
  9 worker ants
  A hound skeleton (D:8)
  A howler monkey zombie (D:8)
  Robin (D:2)
  A worker ant zombie (D:7)
  11 adders
  11 gnolls
  3 shadow imps
  3 white imps
  An ufetubus (D:7)
  An ooze (D:2)
  An adder skeleton (D:7)
  2 worms (D:2)
  4 dart slugs
  3 leopard geckos
  12 orcs
  A bat zombie (D:4)
  12 giant cockroaches
  11 goblins
  12 hobgoblins
  18 jackals
  2 quokkas
  2 ball pythons
  8 bats
  5 frilled lizards
  A jackal skeleton (D:7)
  9 kobolds
  A quokka zombie (D:8)
  8 rats
  3 rat zombies (D:4)
214 creatures vanquished.

Vanquished Creatures (others)
  A worker ant (D:7)
  5 fungi (D:7)
  3 plants (D:2)
  10 toadstools
19 creatures vanquished.

Grand Total: 233 creatures vanquished

Notes
Turn   | Place    | Note
-------+----------+-------------------------------------------
     0 | D:1      | rogsnak the Draconian Earth Elementalist began the quest
                  | for the Orb.
     0 | D:1      | Reached XP level 1. HP: 14/14 MP: 3/3
   230 | D:1      | Reached XP level 2. HP: 7/20 MP: 3/5
  1170 | D:2      | Reached XP level 3. HP: 18/26 MP: 4/6
  1448 | D:2      | Learned a level 3 spell: Stone Arrow
  1471 | D:2      | Found a broken altar of Ashenzari.
  1856 | D:2      | Reached XP level 4. HP: 34/34 MP: 5/7
  2069 | D:2      | Noticed Robin
  2219 | D:2      | Reached skill level 1 in Conjurations
  2307 | D:2      | Reached skill level 1 in Fighting
  2583 | D:2      | Reached XP level 5. HP: 25/40 MP: 8/8
  2721 | D:2      | Killed Robin
  2984 | D:2      | You fall into a shaft and drop 2 floors!
  3452 | D:3      | Found a snail-covered altar of Cheibriados.
  4379 | D:3      | Reached XP level 6. HP: 29/48 MP: 6/10
  4461 | D:3      | Found a shadowy altar of Dithmenos.
  4461 | D:3      | Found a hide-covered altar of Uskayaw.
  4997 | D:4      | Noticed an orc warrior
  5211 | D:3      | Learned a level 5 spell: Lee's Rapid Deconstruction
  5238 | D:4      | Your scales start taking on a glossy black colour.
  5238 | D:4      | Reached XP level 7. HP: 56/56 MP: 4/12
  5238 | D:4      | Gained mutation: You are resistant to electric shocks.
                  | (rElec) [Black Draconian growth]
  5621 | D:4      | Found an ancient bone altar of Kikubaaqudgha.
  6019 | D:5      | Entered Level 5 of the Dungeon
  6190 | D:5      | Found a staircase to the Ecumenical Temple.
  6202 | Temple   | Entered the Ecumenical Temple
  6210 | Temple   | Became a worshipper of Vehumet
  6290 | D:5      | Found Ylum's Armour Emporium.
  6826 | D:6      | Reached XP level 8. HP: 61/63 MP: 2/14
  7151 | D:6      | Learned a level 3 spell: Ozocubu's Armour
  7214 | D:6      | Reached skill level 5 in Earth Magic
  7773 | D:7      | Reached * piety under Vehumet
  7773 | D:7      | Offered knowledge of Shock by Vehumet.
  7779 | D:7      | Reached skill level 5 in Dodging
  7903 | D:7      | Noticed a hippogriff
  7908 | D:7      | Killed a hippogriff
  7988 | D:7      | Reached skill level 5 in Conjurations
  8208 | D:7      | Reached XP level 9. HP: 71/71 MP: 7/16
  8214 | D:7      | Reached skill level 5 in Spellcasting
  8362 | D:7      | Found a runed translucent door.
  8362 | D:7      | Noticed a tengu conjurer
  8363 | D:7      | Noticed a centaur warrior
  8364 | D:7      | Found a runed translucent door.
  8364 | D:7      | Found a runed translucent door.
  8604 | D:7      | Found a sparkling altar of Nemelex Xobeh.
  8919 | D:7      | Killed a centaur warrior
  9395 | D:7      | Noticed a two-headed ogre
  9431 | D:7      | Killed a two-headed ogre
  9504 | D:7      | Reached XP level 10. HP: 80/80 MP: 0/19
  9838 | D:7      | Identified Miarphiul's Wizardry Continued
  9840 | D:7      | Identified the Catalogue of Summoning
  9874 | D:7      | Learned a level 4 spell: Hailstorm
 10038 | D:8      | Reached ** piety under Vehumet
 10062 | D:8      | Found a basalt altar of Yredelemnul.
 10062 | D:8      | Found an iron altar of Okawaru.
 10064 | D:8      | Noticed an unseen horror
 10069 | D:8      | Killed an unseen horror
 10069 | D:8      | Offered knowledge of Searing Ray by Vehumet.
 10069 | D:8      | Reached skill level 5 in Fighting
 10079 | D:8      | Noticed a flayed ghost
 10179 | D:8      | Found a sacrificial altar of Ru.
 10544 | D:8      | Found a shimmering blue altar of Sif Muna.
 10545 | D:8      | Found a white marble altar of Elyvilon.
 10546 | D:8      | Found a glowing golden altar of the Shining One.
 10546 | D:8      | Found a broken altar of Ashenzari.
 10721 | D:8      | Reached skill level 1 in Ice Magic
 10767 | D:8      | Noticed a centaur warrior
 10794 | D:8      | HP: 3/81 [centaur warrior (9)]
 10796 | D:8      | Slain by a centaur warrior

Illustrated notes

Levels and vault maps discovered:
D:1:      ldierk_water_garden, layout_basic
D:2:      layout_loops_cross, serial_bayou_pond_b, nicolae_ashenzari_panopticon,
          uniq_robin
D:3:      layout_basic, gammafunk_temple_overflow_wave, kennysheep_slug_shrine
D:4:      layout_loops_ring, lemuel_zombie_altar_kikubaaqudgha
D:5:      layout_basic, minmay_temple_entry_glass, serial_shops,
          nicolae_shop_stone, minmay_circle_x
D:6:      layout_rooms, minmay_hedge_maze
D:7:      minmay_the_grid_triangle_9x9_rhombus_full
          [minmay_the_grid_triangle_9x9_thin_v,
          minmay_the_grid_triangle_9x9_fully_insulated_deathbox,
          minmay_the_grid_triangle_9x9_corruption,
          minmay_the_grid_triangle_9x9_stretched_checkered,
          minmay_the_grid_triangle_9x9_alien,
          minmay_the_grid_triangle_9x9_corrupted_corridor,
          minmay_the_grid_triangle_9x9_windchime,
          minmay_the_grid_triangle_9x9_prize_insulated], layout_basic,
          nemelex_altar_shiori, minmay_gold_behind_fungi
D:8:      layout_loops_ring, lemuel_round_altar,
          nicolae_ru_great_annihilating_truth,
          chequers_temple_overflow_statue_of_worship, minmay_crystal_room,
          jmf_multi_god_temple
Temple:   nicolae_temple_no_exploring_needed

Skill      XL: |  1  2  3  4  5  6  7  8  9 10 |
---------------+-------------------------------+-----
Stealth        | 2 |  2.0
Dodging        | 2 3 4 5 6 |  6.3
Earth Magic    | 4 3 4 5 6 7 |  7.2
Conjurations   | 1 2 3 5 6 7 |  7.6
Fighting       | 1 2 3 4 5 |  5.1
Spellcasting   | 3 4 6 |  6.5
Ice Magic      | 1 |  1.0
Transmutations | |  1.0

Action                   |  1- 3 |  4- 6 |  7- 9 | 10-12 || total
-------------------------+-------+-------+-------+-------++-------
Melee: Unarmed           |    34 |       |       |       ||    34
       Short sword       |   103 |     6 |       |       ||   109
       Tailslap          |    11 |    29 |    14 |     1 ||    55
       Spear             |       |   338 |    77 |       ||   415
       Dagger            |       |       |    97 |       ||    97
       Halberd           |       |       |    33 |    50 ||    83
 Cast: Sandblast         |     4 |    16 |    10 |       ||    30
       Stone Arrow       |       |    16 |    79 |    48 ||   143
       Lee's Rapid Decon |       |       |     3 |       ||     3
       Ozocubu's Armour  |       |       |     1 |       ||     1
 Abil: Breathe Lightning |       |       |     9 |     1 ||    10
Evoke: Wand              |       |       |     1 |     2 ||     3
 Stab: Sleeping          |       |     5 |     3 |     1 ||     9
       Distracted        |       |     1 |       |       ||     1
       Paralysed         |       |       |       |     1 ||     1
Armor: Skin              |    59 |   112 |    74 |    36 ||   281
Dodge: Dodged            |    84 |   243 |   183 |   105 ||   615

Table legend: (Time is in decaauts)
 A = Elapsed time spent in this place.
 B = Non-inter-level travel time spent in this place.
 C = Inter-level travel time spent in this place.
 D = Time resting spent in this place.
 E = Time spent auto-exploring this place.
 F = Levels seen in this place.
 G = Mean time per level.
                   A        B        C        D        E       F      G
               +--------+--------+--------+--------+--------+-----+--------+
         Total |  10896 |  10562 |    334 |   2923 |   4580 |   9 | 1210.7 |
       Dungeon |  10880 |  10546 |    334 |   2923 |   4580 |   8 | 1360.0 |
        Temple |     15 |     15 |      0 |      0 |      0 |   1 |   15.0 |
               +--------+--------+--------+--------+--------+-----+--------+

Top non-repeatable levels by time:
     D:7: 2474 daAuts
     D:2: 1884 daAuts
     D:3: 1630 daAuts
     D:4: 1294 daAuts
     D:1: 1272 daAuts
     D:6: 880 daAuts
     D:8: 793 daAuts
     D:5: 650 daAuts
  Temple: 15 daAuts
